 Dungeon Crawl Stone Soup version 0.21-a0-329-g12f17e1 (webtiles) character file.

535 nikopol the Magician (level 7, -3/37 HPs)
             Began as a Deep Elf Fire Elementalist on Oct 1, 2017.
             Was a Follower of Sif Muna.
             Slain by Duvessa
             ... wielding a +2 vampiric short sword
              (10 damage)
             ... on level 5 of the Dungeon.
             The game lasted 00:13:48 (4838 turns).

nikopol the Magician (Deep Elf Fire Elementalist)   Turns: 4838, Time: 00:13:49

Health: -3/37      AC:  4    Str:  5    XL:     7   Next: 4%
Magic:  7/18       EV: 13    Int: 22    God:    Sif Muna [*.....]
Gold:   232        SH:  0    Dex: 15    Spells: 4/18 levels left

rFire    . . .     SeeInvis +   v - +0 dagger (venom)
rCold    . . .     Gourm    .   (no shield)
rNeg     . . .     Faith    .   a - +0 robe
rPois    .         Spirit   .   y - +0 helmet
rElec    .         Reflect  .   p - +0 cloak
rCorr    .         Harm     .   (no gloves)
MR       .....                  (no boots)
Stlth    ++........             (no amulet)
HPRegen  0.12/turn              r - ring of see invisible
MPRegen  0.16/turn              (no ring)

@: very slightly contaminated
A: no striking features
a: Divine Energy, Renounce Religion


You were on level 5 of the Dungeon.
You worshipped Sif Muna.
Sif Muna was aware of your devotion.
You were hungry.

You visited 1 branch of the dungeon, and saw 5 of its levels.

You collected 232 gold pieces.

Inventory:

Hand Weapons
 f - a +0 short sword
 v - a +0 dagger of venom (weapon)
 x - a +1 dagger of venom
Armour
 a - a +0 robe (worn)
 p - a +0 cloak (worn)
 y - a +0 helmet (worn)
Jewellery
 r - a ring of see invisible (left hand)
Wands
 k - a wand of paralysis (3/24)
Scrolls
 d - 5 scrolls of identify {unknown}
 l - a scroll of remove curse {unknown}
 o - 4 scrolls of random uselessness {unknown}
 s - a scroll of enchant weapon {unknown}
 u - a scroll of fear {unknown}
 z - 2 scrolls of teleportation {unknown}
 A - a scroll of recharging {unknown}
 B - a scroll of amnesia {unknown}
Potions
 e - 2 potions of brilliance {unknown}
 g - 2 potions of lignification {unknown}
 h - 2 potions of haste {unknown}
 i - 2 potions of invisibility {unknown}
 j - a potion of resistance {unknown}
 q - 2 potions of curing {unknown}
 C - a potion of mutation {unknown}
 D - a potion of cancellation {unknown}
Books
 b - a book of Flames

   Spells                             Type                      Level
   a - Flame Tongue                   Conjuration/Fire             1
   b - Throw Flame                    Conjuration/Fire             2
   c - Conjure Flame                  Conjuration/Fire             3
   d - Inner Flame                    Hexes/Fire                   3
   e - Sticky Flame                   Conjuration/Fire             4
   f - Fireball                       Conjuration/Fire             5
 w - a book of Maledictions

   Spells                             Type                      Level
   a - Corona                         Hexes                        1
   b - Ensorcelled Hibernation        Hexes/Ice                    2
   c - Confuse                        Hexes                        3
   d - Tukima's Dance                 Hexes                        3
   e - Dazzling Spray                 Conjuration/Hexes            3
Comestibles
 c - 6 bread rations
 m - a fruit
 n - 3 royal jellies
 t - 4 meat rations


   Skills:
 + Level 0.6 Fighting
 + Level 0.3 Short Blades
 + Level 3.3 Dodging
 + Level 3.5 Stealth
 + Level 6.4 Spellcasting
 + Level 3.5 Conjurations
 + Level 5.4 Fire Magic


You had 4 spell levels left.
You knew the following spells:

 Your Spells              Type           Power        Failure   Level  Hunger
a - Flame Tongue          Conj/Fire      ####.        1%          1    None
b - Throw Flame           Conj/Fire      ####..       1%          2    None
c - Conjure Flame         Conj/Fire      ####....     4%          3    #......
d - Fireball              Conj/Fire      ####......   36%         5    #####..
e - Dazzling Spray        Conj/Hex       ##....       13%         3    #......


Dungeon Overview and Level Annotations

Branches:
Dungeon (5/15)
 Temple: D:4-7

Altars:
Sif Muna
Xom

Shops:
D:4 *

Annotations:
D:5 Dowan, Duvessa


Message History

Duvessa draws strength from your wounds!
Duvessa hits you with a vampiric short sword.
Duvessa draws strength from your wounds!
Casting: Flame Tongue
Confirm with . or Enter, or press ? or * to list all spells.
The spell is very dangerous to cast!
Continue anyway?
Okay, then.
Casting: Fireball
Confirm with . or Enter, or press ? or * to list all spells.
Aiming: Dazzling Spray
Press: ? - help, Shift-Dir - straight line, f/p - Duvessa
Aim: Duvessa, wielding a vampiric short sword and wearing a leather armour (severely wounded, fast)
You miscast Dazzling Spray.
You are very lightly contaminated with residual magic.
Strange energies run through your body.
Duvessa hits you with a vampiric short sword!
* * * LOW HITPOINT WARNING * * *
Duvessa says, "My weaknesses are his strengths!"
Duvessa hits you with a vampiric short sword!
You die...

#.....#
#..<..#
##.....#
#.....##
#.....#
#.....#
#.e...#
#.e...#
#@....#
#........$###
#.........#
#.........#
#.........#
#..?$.....#
#.........#
###########


You could see Duvessa and Dowan.

Vanquished Creatures
  A phantom (D:3)
  A scorpion (D:3)
  A crimson imp (D:5)
  2 orc wizards (D:4)
  A centaur skeleton (D:4)
  A bullfrog skeleton (D:4)
  An iguana (D:4)
  2 worker ants
  Robin (D:4)
  4 adders
  A shadow imp (D:5)
  An ooze (D:2)
  A worm (D:2)
  5 dart slugs
  3 leopard geckos
  8 orcs
  3 giant cockroaches
  20 goblins
  11 hobgoblins
  7 jackals
  10 kobolds
  4 quokkas
  6 bats
  6 frilled lizards
  5 rats
106 creatures vanquished.

Notes
Turn   | Place    | Note
-------+----------+-------------------------------------------
     0 | D:1      | nikopol the Deep Elf Fire Elementalist began the quest for the Orb.
     0 | D:1      | Reached XP level 1. HP: 10/10 MP: 6/6
   222 | D:1      | Reached XP level 2. HP: 15/15 MP: 6/8
   934 | D:2      | Reached XP level 3. HP: 12/19 MP: 3/10
  1172 | D:2      | Reached skill level 4 in Spellcasting
  1485 | D:2      | Reached XP level 4. HP: 24/24 MP: 6/12
  2383 | D:3      | Noticed a phantom
  2393 | D:3      | Learned a level 2 spell: Throw Flame
  2397 | D:3      | Learned a level 3 spell: Conjure Flame
  2552 | D:3      | Killed a phantom
  2552 | D:3      | Reached skill level 5 in Spellcasting
  2552 | D:3      | Reached XP level 5. HP: 19/28 MP: 7/14
  2559 | D:3      | Learned a level 5 spell: Fireball
  2782 | D:3      | Found a deep blue altar of Sif Muna.
  2788 | D:3      | Became a worshipper of Sif Muna the Loreminder
  2918 | D:3      | Found a shimmering altar of Xom.
  3272 | D:4      | Noticed Robin
  3274 | D:4      | Reached XP level 6. HP: 31/32 MP: 8/16
  3287 | D:4      | Killed Robin
  3687 | D:4      | Found Exerphot's Assorted Antiques.
  3712 | D:4      | Reached skill level 5 in Fire Magic
  3894 | D:3      | Reached skill level 6 in Spellcasting
  4210 | D:4      | Learned a level 3 spell: Dazzling Spray
  4618 | D:5      | Entered Level 5 of the Dungeon
  4619 | D:5      | Reached * piety under Sif Muna
  4623 | D:5      | Reached XP level 7. HP: 37/37 MP: 3/18
  4627 | D:5      | Noticed Duvessa
  4718 | D:5      | Noticed Dowan
  4838 | D:5      | Slain by Duvessa

Vault maps used:
D:1:      dpeg_arrival_leaves_temple_mockup, minmay_split_cup_large
D:2:      mumra_celtic_spiral_tile, minmay_goblin_outpost
D:3:      led_xom_imps, led_sif_pool
D:4:      serial_shops, shop, uniq_robin
D:5:      first_bread, uniq_duvessa, uniq_grinder, uniq_crazy_yiuf_cottage,
          uniq_sigmund, uniq_prince_ribbit1

Skill      XL: |  1  2  3  4  5  6 |
---------------+-------------------+-----
Fire Magic     | 4 5 |  5.4
Spellcasting   | 4 5 6 |  6.4
Conjurations   | 2 3 |  3.5
Dodging        | 3 |  3.3
Stealth        | 3 |  3.5
Fighting       | |  0.6
Short Blades   | |  0.3

Action                   |  1- 3 |  4- 6 |  7- 9 || total
-------------------------+-------+-------+-------++-------
Melee: Dagger            |       |    19 |       ||    19
 Cast: Flame Tongue      |    77 |   118 |     7 ||   202
       Throw Flame       |       |    10 |     6 ||    16
       Dazzling Spray    |       |     3 |     1 ||     4
       Conjure Flame     |       |     2 |       ||     2
 Stab: Sleeping          |       |     1 |       ||     1
  Eat: Chunk             |     2 |     9 |       ||    11
Armor: Robe              |     4 |    10 |       ||    14
Dodge: Dodged            |    13 |    40 |     2 ||    55

Table legend:
 A = Spawn XP
 B = Non-spawn XP
 C = Spawn XP percentage of total XP
 D = Spawn monster count
 E = Non-spawn monster count
 F = Spawn count percentage of total count
 G = Total turns spent on level
                    A         B        C        D         E        F      G
               +---------+---------+-------+---------+---------+-------+---------
         Total |       0 |     765 |   0.0 |       0 |     106 |   0.0 |  4838
               +---------+---------+-------+---------+---------+-------+---------
           D:1 |       0 |      37 |   0.0 |       0 |      20 |   0.0 |   926
           D:2 |       0 |     110 |   0.0 |       0 |      31 |   0.0 |  1462
           D:3 |       0 |     259 |   0.0 |       0 |      23 |   0.0 |   958
           D:4 |       0 |     302 |   0.0 |       0 |      30 |   0.0 |  1375
           D:5 |       0 |      57 |   0.0 |       0 |       2 |   0.0 |   117
               +---------+---------+-------+---------+---------+-------+---------
